 Dungeon Crawl Stone Soup version 0.26-a0-284-g73c0fb6129 (webtiles) character file.

Game seed: 2398108861750006320

0 Gargoyl the Skirmisher (level 1, -12/19 HPs)
             Began as a Centaur Abyssal Knight on July 13, 2020.
             Was a Follower of Lugonu.
             Mangled by a tentacled starspawn (27 damage)
             ... on level 1 of the Abyss.
             The game lasted 00:00:38 (166 turns).

Gargoyl the Skirmisher (Centaur Abyssal Knight)      Turns: 166, Time: 00:00:39

Health: -12/19     AC:  4    Str: 14    XL:     1   Next: 0%
Magic:  2/2        EV:  9    Int: 11    God:    Lugonu [*.....]
Gold:   0          SH:  0    Dex:  8    Spells: 0/0 levels left

rFire    . . .     SeeInvis .   a - +1 hand axe
rCold    . . .     Faith    .   (no shield)
rNeg     . . .     Spirit   .   b - +0 leather armour
rPois    .         Reflect  .   (no helmet)
rElec    .         Harm     .   (no cloak)
rCorr    .                      (no gloves)
MR       .....                  (no barding)
Stlth    ..........             (no amulet)
HPRegen  0.06/turn              (no ring)
MPRegen  0.08/turn              (no ring)

@: very quick
A: large, hooves 3, deformed body, speed 2, tough skin 3
a: Depart the Abyss, Renounce Religion


You were on level 1 of the Abyss.
You worshipped Lugonu.
Lugonu was aware of your devotion.
You visited 0 branches of the dungeon, and saw 0 of its levels.
You visited the Abyss 1 time.

Inventory:

Hand Weapons
 a - a +1 hand axe (weapon)
Armour
 b - a +0 leather armour (worn)


   Skills:
 + Level 3.0 Fighting
 + Level 1.7 Axes
 + Level 1.3 Armour
 + Level 0.6 Dodging
 + Level 2.0 Invocations


You couldn't memorise any spells.
You didn't know any spells.
Your spell library was empty.

Dungeon Overview and Level Annotations

Branches:
Dungeon (0/15)

Altars:


Innate Abilities, Weirdness & Mutations

You have hooves in place of feet.
Armour fits poorly on your strangely shaped body.
You cover ground very quickly.
You have extremely tough skin. (AC +3)


Message History

A large abomination comes into view.
A vampire comes into view.
An eight-headed hydra comes into view.
The eight-headed hydra roars!
The eight-headed hydra changes into a storm dragon!
The storm dragon changes into a hydra!
A lurking horror comes into view.
The lurking horror explodes!
Your body is wracked with pain!
A shadow demon comes into view.
The shadow demon croaks.
The shadow demon gestures.
The smoke demon roars!
The rust devil screeches!
An ancient zyme comes into view.
You feel yourself growing ill in the presence of the ancient zyme.
You hit the tentacled starspawn but do no damage.
The tentacled starspawn bites you!!
Ouch! That really hurt!
You die...

#.#...4#..#####
#.......##... .
#..#.#.#.....
#..#.##.#..###
##..#.##...#
#.#...#.#### .
... ##...... .#
. .
###...##.#..# .
#.@###..## #X##
.#.# ..ยง .. ..
x...# .. ##
...... #.##
....## ..#. ##.


You could see a tentacled starspawn and an ancient zyme.

Vanquished Creatures (others)
  A lurking horror (Abyss:1)
1 creature vanquished.

Notes
Turn   | Place    | Note
-------+----------+-------------------------------------------
     0 | Abyss:1  | Gargoyl the Centaur Abyssal Knight began the quest for the
                  | Orb.
     0 | Abyss:1  | Reached XP level 1. HP: 19/19 MP: 2/2
     8 | Abyss:1  | Noticed a small abomination
    29 | Abyss:1  | Noticed a large abomination
    42 | Abyss:1  | Noticed a vampire
    54 | Abyss:1  | Noticed an eight-headed hydra
    62 | Abyss:1  | Noticed a storm dragon
    62 | Abyss:1  | an eight-headed hydra changed into a storm dragon
    67 | Abyss:1  | Noticed a seven-headed hydra
    67 | Abyss:1  | a storm dragon changed into a seven-headed hydra
   143 | Abyss:1  | Noticed a shadow demon
   150 | Abyss:1  | Noticed a smoke demon
   151 | Abyss:1  | Noticed a rust devil
   165 | Abyss:1  | Noticed an ancient zyme
   165 | Abyss:1  | Noticed a tentacled starspawn
   166 | Abyss:1  | Mangled by a tentacled starspawn

Illustrated notes

Levels and vault maps discovered:
Abyss:1:  minivault_28, minivault_28, hangedman_eye_storm

Action                   || total
-------------------------++-------
Melee: Hand axe          ||     1

Table legend:
 A = Non-vault XP
 B = Vault XP
 C = Vault XP percentage of total XP
 D = Non-vault monster count
 E = Vault monster count
 F = Vault count percentage of total count
                 A         B        C        D         E       F
            +---------+---------+-------+---------+---------+-------
      Total |       0 |       0 |   N/A |       0 |       0 |  -nan
            +---------+---------+-------+---------+---------+-------
            +---------+---------+-------+---------+---------+-------
